omghax, neutral male scurrid Tourist }}}}}}}}}}}}}}}}}}}}}}} }}}}}}}}}}}}}}}.}} .}}}}}}}}.}}} #.}}}}}}`..# # <}}}}}.....# ....# #}.}}.}}}.}}...}}}}}.# ...}}}}}}.# }}}}}..# #.}}}}}}}}..} }}}}}#.}}}}}}}}}}}} }}}}}} }}}}}}}}}}}}}}}}} }}}}}}# }}.# }...}}}}}}}}}}} }}}}}}.# #... # ...}}}}}}}}}}}}}.} }}}}}}}} .... # .}}}}}.# }}}}}}}}}}} }}..}}}}} --.- # }}}.... }}}}}}} }..#.}}}}. }.}}}}}. }}} }}}} ...}}. }}}}..# }}}} }}}}}}}# ..# }}}} }}}}}}} .. }}}} }}}}}}}} }}}}} }}}}}}}} omghax the Rambler Experience level: 1 Strength: 12 Dexterity: 15 Constitution: 14 Intelligence: 13 Wisdom: 7 Charisma: 14 Health: 0(9) Energy: 2(2) Def: 0 Gold: 473 Moves: 53 Dungeon seed: GDOeX9XKflS4atkL Game ID: omghax_1498611106 Your Inventory: Coins $ - 473 gold pieces Weapons a - 53 uncursed +2 darts (in quiver) Armor e - an uncursed +0 Hawaiian shirt (being worn) Comestibles b - an uncursed orange c - 4 uncursed food rations d - 2 uncursed cram rations f - 2 uncursed eggs g - 2 uncursed eucalyptus leaves h - an uncursed banana i - an uncursed tripe ration j - an uncursed chestnut Scrolls l - 4 uncursed scrolls of blank paper Potions k - 2 uncursed diluted potions of extra healing Wands o - an uncursed wand of secret door detection (0:15) Tools m - an uncursed expensive camera (0:40) n - an uncursed credit card p - an uncursed oil lamp (0:1248) Spells and supernatural/magical abilities: Name Level Category Fail Memory W - pray for help -- divine ? -- Your skills at the end: Miscellaneous Skills wands [Basic] Weapon Skills dart [Basic] Spellcasting Skills Final Attributes: You were devoutly aligned. You were blinded. You had infravision. You were very stealthy. You are dead. Vanquished creatures: a hill orc Voluntary challenges: You went without food. You did not adorn yourself with jewelry or accessories. You did not cause conflict. You were not invisible. You did not have reflection. You were not displaced. You were an atheist. You never hit with a wielded weapon. You were a pacifist. You did not use tools. You did not use plumbed fixtures. You did not drink any magical draughts. You were illiterate. You never genocided any monsters. You never polymorphed an object. You never changed form. You used no wishes. You never split a pudding. You never wrote Elbereth's name. You never violated your personal moral code. Dungeon overview: The Dungeons of Doom: levels 1 to 22 Level 1 a long staircase Level 2 a long staircase Level 3 Level 4 Level 5 Level 6 Level 7 a general store Level 8 Level 9 Level 10 Level 11 Level 12 Level 13 Level 14 Level 15 Level 16 a fountain Level 17 Level 18 Level 19 Level 20 Level 21 Level 22 <- You were here many trees History has recorded: On T:1 you entered the Dungeons of Doom to retrieve the Amulet of Yendor! On T:4 you reached level 2 of The Dungeons of Doom. On T:6 you reached level 3 of The Dungeons of Doom. On T:8 you reached level 4 of The Dungeons of Doom. On T:10 you reached level 5 of The Dungeons of Doom. On T:13 you reached level 6 of The Dungeons of Doom. On T:15 you reached level 7 of The Dungeons of Doom. On T:17 you reached level 8 of The Dungeons of Doom. On T:19 you reached level 9 of The Dungeons of Doom. On T:22 you reached level 10 of The Dungeons of Doom. On T:25 you reached level 11 of The Dungeons of Doom. On T:28 you reached level 12 of The Dungeons of Doom. On T:30 you reached level 13 of The Dungeons of Doom. On T:32 you reached level 14 of The Dungeons of Doom. On T:34 you reached level 15 of The Dungeons of Doom. On T:34 you entered the Rogue tribute level. On T:37 you reached level 16 of The Dungeons of Doom. On T:39 you reached level 17 of The Dungeons of Doom. On T:41 you reached level 18 of The Dungeons of Doom. On T:43 you reached level 19 of The Dungeons of Doom. On T:47 you reached level 20 of The Dungeons of Doom. On T:49 you reached level 21 of The Dungeons of Doom. On T:52 you reached level 22 of The Dungeons of Doom. Score breakdown: Gold: 127 ( 12 points) Experience: 1 level ( 0 points) Exploration: 22 levels ( 630 points) Discoveries: 2 items ( 100 points) Variety of kills: 1 monster ( 50 points) Major goal: (nothing yet) ( 0 points) Survival: died (score multiplied by 3) Total score: 2376 Latest messages: You dig a hole through the floor. You fall through... You start digging downward. The Aleax drinks a smoky potion! Suddenly you cannot see the Aleax. You continue digging downward. You dig a pit in the floor. You continue digging downward. You dig a hole through the floor. You fall through... You start digging downward. The raven pecks! The raven blinds you! You continue digging downward. As you dig, the hole fills with water! You fall into the water! You sink like a rock. You try to crawl out of the water. Pheew! That was close. You hear a nearby zap. The wand hits it. You die... Final status: Aloha omghax the Tourist, killed by a force bolt... You died in The Dungeons of Doom on dungeon level 22 with 2376 points, and 473 pieces of gold, after 53 moves. You were level 1 with a maximum of 9 hit points when you died.